 Dungeon Crawl Stone Soup version 0.31-a0-236-g9a0961fb85 (webtiles) character file.

Game seed: 12630402297971448123

61 qw the Shooter (level 4, -3/26 HPs)
             Began as a Gargoyle Hexslinger on July 10, 2023.
             Slain by an orc
             ... wielding a +0 mace
              (7 damage)
             ... on level 3 of the Dungeon.
             The game lasted 00:00:39 (1273 turns).

qw the Shooter (Gargoyle Hexslinger)                Turns: 1273, Time: 00:00:40

Health: -3/26      AC: 10    Str: 12    XL:     4   Next: 7%
Magic:  5/5        EV: 10    Int: 13    God:
Gold:   87         SH:  0    Dex: 14    Spells: 4/5 levels left

rFire   . . .        Y - +1 sling (flame)
rCold   . . .        (no shield)
rNeg    + . .        d - +0 ring mail
rPois   inf          (no helmet)
rElec   +            (no cloak)
rCorr   +            i - +0 pair of gloves
SInv    .            c - +0 pair of boots
Will    .....        (no amulet)
Stlth   +            f - ring of resist corrosion
HPRegen 0.24/turn    (no ring)
MPRegen 0.09/turn

%: no passive effects
@: no status effects
A: sickness immunity, AC +3, negative energy resistance 1, electricity
resistance, torment resistance 1, petrification resistance
a: no special abilities


You were on level 3 of the Dungeon.
You visited 1 branch of the dungeon, and saw 3 of its levels.

You collected 87 gold pieces.


Innate Abilities, Weirdness & Mutations

You are immune to sickness and miasma.
Your stone body is resilient. (AC +3)
You are immune to poison.
You resist negative energy. (rN+)
You are resistant to electric shocks. (rElec)
You are resistant to unholy torment.
You are immune to petrification.


   Skills:
 - Level 2.0 Fighting
 - Level 3.9 Ranged Weapons
 + Level 0.0 Armour
 - Level 1.5 Dodging
 - Level 1.0 Spellcasting
 - Level 2.6 Hexes


You had 4 spell levels left.
You knew the following spells:

 Your Spells              Type           Power      Damage    Failure   Level
a - Slow                  Hex            28%        N/A       22%         1

Your spell library contained the following spells:

 Spells                   Type           Power      Damage    Failure   Level
 Inner Flame              Hex/Fire       4%         N/A       73%         3
 Portal Projectile        Hex/Tloc       8%         N/A       73%         3
 Cause Fear               Hex            3%         N/A       91%         4

Inventory:

Hand Weapons
 Y - a +1 sling of flaming (weapon)
Armour
 c - a +0 pair of boots (worn)
 d - a +0 ring mail (worn)
 i - a +0 pair of gloves (worn)
Jewellery
 f - a ring of resist corrosion (left hand)
Scrolls
 g - a scroll of identify
Potions
 a - a potion of might {unknown}
 j - 3 potions of curing
 l - a potion of resistance {unknown}
 n - a potion of heal wounds {unknown}

Dungeon Overview and Level Annotations

Branches:
Dungeon (3/15)

Altars:
Makhleb


Message History

There is a stone staircase leading down here.
You climb downwards.
Found a worn fluorescent wand and a pair of gloves.
There is a stone staircase leading up here.
Waypoint 2 assigned to D:3.
Found a whip.
Found a burning altar of Makhleb.
You see here a wand of iceblast (7).
An orc priest comes into view. It is wielding a +0 club.
The orc priest shouts!
You hear a shout! x2
The orc priest is attracted toward you.
You shoot a sling bullet.
The sling bullet closely misses the orc priest.
The orc priest hits you but does no damage.
You shoot a sling bullet.
The sling bullet completely misses the orc priest.
The orc priest invokes the aid of Beogh against you.
Beogh smites you!
Ouch! That really hurt!
An orc comes into view. It is wielding a +0 club.
The orc is attracted toward you.
You shoot a sling bullet.
The sling bullet closely misses the orc priest.
You shoot a sling bullet.
The sling bullet closely misses the orc.
An orc comes into view. It is wielding a +0 mace.
The orc hits you with a +0 club.
You shoot a sling bullet. The sling bullet hits the orc priest.
The sling bullet burns the orc priest.
The orc priest is lightly wounded.
The orc priest hits you with a +0 club.
You feel less attractive to monsters.
You shoot a sling bullet.
The sling bullet closely misses the orc priest.
The orc hits you with a +0 mace.
An orc wizard comes into view. It is wielding a +0 dagger.
The orc priest hits you but does no damage.
The orc hits you but does no damage.
You shoot a sling bullet.
The sling bullet barely misses the orc priest.
The orc priest closely misses you. The orc hits you with a +0 mace!
You die...

#..#../.#....[..
.........#.......
##._.....#......
#.......######
#..#......####
##.####......#
#...........#
#######....#
#@o..# #oo..#
.....# o.####..
### ...# ..# ..


You could see an orc priest, an orc wizard and 2 orcs.

Vanquished Creatures
  An adder (D:2)
  2 worms (D:2)
  8 ball pythons
  9 endoplasms
  3 giant cockroaches
  4 goblins
  3 hobgoblins
  3 kobolds
  A quokka (D:2)
  4 bats
  A frilled lizard (D:2)
  3 rats
42 creatures vanquished.

Notes
Turn   | Place    | Note
-------+----------+-------------------------------------------
     0 | D:1      | qw the Gargoyle Hexslinger began the quest for the Orb.
     0 | D:1      | Reached XP level 1. HP: 12/12 MP: 2/2
     0 | D:1      | 0 ||| qw: Version: 0.3-a-52-g30416fa
     0 | D:1      | 0 ||| qw: Game counter: 4538
     0 | D:1      | 0 ||| qw: Melee chars always use a shield: true
     0 | D:1      | 0 ||| qw: God list: Okawaru
     0 | D:1      | 0 ||| qw: Allow faded altars: false
     0 | D:1      | 0 ||| qw: Do Orc after clearing Dungeon:15 true
     0 | D:1      | 0 ||| qw: Do second Lair branch before Depths: true
     0 | D:1      | 0 ||| qw: Lair rune preference: random
     0 | D:1      | 0 ||| qw: Goals: Normal
     0 | D:1      | 0 ||| PLANNING D:1-11
   113 | D:1      | Reached XP level 2. HP: 16/16 MP: 3/3
   256 | D:1      | Reached skill level 3 in Ranged Weapons
   455 | D:1      | Reached XP level 3. HP: 21/21 MP: 4/4
   568 | D:1      | 568 ||| UPGRADING to +0 leather armour.
   578 | D:1      | 578 ||| DROPPING +0 robe.
   579 | D:1      | 579 ||| UPGRADING to +0 pair of gloves.
   584 | D:1      | 584 ||| UPGRADING to ring of resist corrosion.
   585 | D:1      | 585 ||| DROPPING ring of wizardry.
   586 | D:1      | 586 ||| READING scroll labelled CIPPAU ELEZXERGH.
   587 | D:1      | 587 ||| READING 2 scrolls labelled ITOGGERROU.
   588 | D:1      | 588 ||| READING scroll labelled SASY VICHI ERPH.
   589 | D:1      | 589 ||| READING scroll labelled HUFAFI VIEQUQ.
   590 | D:1      | 590 ||| READING scroll labelled QUZICU XAOLORCH.
   591 | D:1      | 591 ||| READING scroll labelled CAEGGA EXAU.
   592 | D:1      | 592 ||| DRINKING 3 inky potions.
   593 | D:1      | 593 ||| DROPPING scroll of poison.
   594 | D:1      | 594 ||| DROPPING scroll of blinking.
  1146 | D:2      | Reached XP level 4. HP: 26/26 MP: 5/5
  1220 | D:2      | 1220 ||| UPGRADING to +0 pair of boots.
  1225 | D:2      | 1225 ||| UPGRADING to +0 ring mail.
  1235 | D:2      | 1235 ||| DROPPING +0 leather armour.
  1236 | D:2      | 1236 ||| READING scroll labelled CEUDUPH NIASEU.
  1241 | D:2      | 1241 ||| READING scroll labelled JAURRE IPEMUJ.
  1242 | D:2      | 1242 ||| DRINKING 2 green potions.
  1243 | D:2      | 1243 ||| DROPPING potion of attraction.
  1251 | D:3      | Found a burning altar of Makhleb.
  1271 | D:3      | HP: 5/26 [orc priest/+0 club (3)]
  1273 | D:3      | Slain by an orc

Levels and vault maps discovered:
D:1:      minmay_arrival_nine_rooms, layout_basic
D:2:      layout_basic, st_stairs_8
D:3:      minmay_skewed_foursquare, layout_basic, bloody_makhleb,
          kennysheep_generic_room_4

Skill      XL: |  1  2  3 |
---------------+----------+-----
Ranged Weapons | 3 |  3.9
Fighting       | 2 |  2.0
Dodging        | |  1.5
Spellcasting   | |  1.0
Hexes          | |  2.6

Action                     |  1- 3 |  4- 6 || total
---------------------------+-------+-------++-------
   Fire: Sling             |   107 |    19 ||   126
    Use: Scroll            |     6 |     2 ||     8
         Potion            |     1 |     1 ||     2
 Armour: Robe              |     6 |       ||     6
         Leather armour    |     5 |     2 ||     7
         Ring mail         |       |     3 ||     3
  Dodge: Dodged            |    16 |     6 ||    22

Table legend:
 A = Non-vault XP
 B = Vault XP
 C = Vault XP percentage of total XP
 D = Non-vault monster count
 E = Vault monster count
 F = Vault count percentage of total count
                 A         B        C        D         E       F
            +---------+---------+-------+---------+---------+-------
      Total |      84 |       4 |   4.5 |      40 |       2 |   4.8
            +---------+---------+-------+---------+---------+-------
        D:1 |      35 |       0 |   0.0 |      20 |       0 |   0.0
        D:2 |      49 |       4 |   7.5 |      20 |       2 |   9.1
            +---------+---------+-------+---------+---------+-------
